 Dungeon Crawl Stone Soup version 0.30-a0-782-ge64f9170bb (webtiles) character file.

Game seed: 13771589344166440423

833 Goldberg the Chopper (level 8, -1/53 (60) HPs)
             Began as a Human Gladiator on Feb 21, 2023.
             Was a High Priest of Ignis.
             Slain by a wight
             ... wielding a +3 falchion
              (2 damage)
             ... on level 5 of the Dungeon.
             The game lasted 00:13:51 (3791 turns).

Goldberg the Chopper (Human Gladiator)              Turns: 3791, Time: 00:13:52

HP:   -1/53 (60)    AC:  9    Str: 16    XL:     8   Next: 18%
MP:   0/8           EV: 14    Int:  9    God:    Ignis [*****.]
Gold: 299           SH:  0    Dex: 15    Spells: 7/7 levels left

rFire   + . .      SeeInvis .    a - +1 war axe
rCold   . . .      Faith    .    (no shield)
rNeg    . . .      Spirit   +    b - +0 leather armour
rPois   .          Reflect  .    c - +0 helmet
rElec   .          Harm     .    (no cloak)
rCorr   .          Rampage  .    (no gloves)
Will    +....                    g - +0 pair of boots
Stlth   +                        s - amulet of guardian spirit
HPRegen 1.08/turn                j - +4 ring of protection
MPRegen 0.11/turn                m - ring of willpower

@: heavily drained
A: regeneration 1, sturdy frame 1
a: Renounce Religion, Fiery Armour, Foxfire Swarm, Rising Flame


You were on level 5 of the Dungeon.
You worshipped Ignis.
Ignis was extremely pleased with you.
You visited 1 branch of the dungeon, and saw 5 of its levels.

You collected 299 gold pieces.

Inventory:

Hand Weapons
 a - a +1 war axe (weapon)
Missiles
 d - a throwing net
 e - 4 javelins (quivered)
 n - 5 atropa-tipped darts
 r - a poisoned dart
Armour
 b - a +0 leather armour (worn)
 c - a +0 helmet (worn)
 g - a +0 pair of boots (worn)
Jewellery
 j - a +4 ring of protection (left hand)
 m - a ring of willpower (right hand)
 p - the ring of Geavoon {Wiz rPois Str-5 Dex+5}
   (You found it on level 5 of the Dungeon)

   [ring of wizardry]

   It improves your spell success rate.
   Str:       It affects your strength (-5).
   Dex:       It affects your dexterity (+5).
   rPois:     It protects you from poison.
 s - an amulet of guardian spirit (around neck)
Wands
 k - a wand of charming (11)
Scrolls
 f - a scroll of noise
 h - a scroll of enchant weapon
 o - 3 scrolls of magic mapping
 q - a scroll of torment {unknown}
 t - a scroll of teleportation
Potions
 i - 2 potions of curing
 l - a potion of flight
 u - a potion of lignification {unknown}


   Skills:
 + Level 4.3 Fighting
 + Level 7.1 Axes
 + Level 2.3 Throwing
 + Level 4.9 Dodging


You had 7 spell levels left.
You didn't know any spells.
Your spell library contained the following spells:

 Spells                   Type           Power      Damage    Failure   Level
 Beastly Appendage        Tmut           0%         N/A       38%         1
 Wereblood                Tmut           0%         N/A       54%         2
 Spider Form              Tmut/Pois      0%         N/A       77%         3


Dungeon Overview and Level Annotations

Branches:
Dungeon (5/15)
 Temple: D:4-7

Altars:
Okawaru
Trog
Xom
Ignis

Annotations:
D:4 2 transporters, whodunnit's ghost, amateur OpTm


Innate Abilities, Weirdness & Mutations

Your natural rate of healing is unusually fast.
Your movements are slightly less encumbered by armour. (ER -2)


Message History

You barely miss the wight. The water moccasin bites you.
The wight hits you with a +3 falchion! The water moccasin barely misses you.
You barely miss the water moccasin.
The water moccasin is almost dead.
You hit the wight. The water moccasin closely misses you.
The wight closely misses you. The water moccasin bites you!
You closely miss the water moccasin.
The water moccasin is almost dead.
You closely miss the wight. The wight hits you with a +3 falchion.
The water moccasin bites you. The wight hits you with a +3 falchion.
You barely miss the wight.
The wight is lightly damaged.
You hit the water moccasin.
You kill the water moccasin!
The wight closely misses you.
Your life force feels restored.
Your Axes skill increases to level 7!
You hit the wight.
The wight is heavily damaged.
You hit the wight. The wight barely misses you. The wight misses you.
You completely miss the wight.
The wight is heavily damaged.
You barely miss the wight. The wight barely misses you. x2
You feel better. The wight closely misses you.
The wight hits you with a +1 morningstar!
You feel drained.
You barely miss the wight.
The wight is heavily damaged.
You hit the wight but do no damage. The wight hits you with a +3 falchion!
* * * LOW HITPOINT WARNING * * *
You feel drained.
* * * LOW HITPOINT WARNING * * *
The wight hits you with a +1 morningstar.
* * * LOW HITPOINT WARNING * * *
You hit the wight.
The wight is moderately damaged.
You hit the wight but do no damage. The wight hits you with a +3 falchion!
* * * LOW HITPOINT WARNING * * *
You feel drained.
You die...

...............................##
....#.............#..##........##
..###....#..#.#......##..........
.........#..###....>........#...#
.........).......#.........##....
...............###....##....##.##
..........#....##....###...##...#
.......##.#........#. #.....#....
#.........#....z@.## ....#.......
8..............#z## ....##......
#......#.......#O# ..#..##.[....
.......##.......z. .......
#.................. ........
8.............##....
#............####...#
............. ...#


You could see an ogre and 3 wights.

Vanquished Creatures
  A water moccasin (D:5)
  An ice beast (D:5)
  An ogre (D:4)
  A phantom (D:5)
  A scorpion (D:4)
  A howler monkey (D:4)
  4 hounds
  An orc priest (D:5)
  2 iguanas
  3 gnolls (D:4)
  5 adders
  A shadow imp (D:4)
  A white imp (D:5)
  An ufetubus (D:5)
  4 worms
  2 dart slugs
  9 orcs
  7 ball pythons
  4 bats
  4 endoplasms
  2 giant cockroaches
  6 goblins
  6 hobgoblins
  3 jackals (D:4)
  8 kobolds
  2 quokkas
  6 frilled lizards
  4 rats
91 creatures vanquished.

Notes
Turn   | Place    | Note
-------+----------+-------------------------------------------
     0 | D:1      | Goldberg the Human Gladiator began the quest for the Orb.
     0 | D:1      | Reached XP level 1. HP: 16/16 MP: 1/1
   304 | D:1      | Reached XP level 2. HP: 20/22 MP: 2/2
   689 | D:1      | You fall into a shaft and drop 1 floor!
   761 | D:2      | Reached XP level 3. HP: 5/27 MP: 3/3
   761 | D:2      | Gained mutation: Your natural rate of healing is unusually
                  | fast. [potion of mutation]
   761 | D:2      | Gained mutation: Your movements are slightly less
                  | encumbered by armour. (ER -2) [potion of mutation]
   939 | D:1      | Found a faded altar of an unknown god.
   952 | D:1      | Prayed at the altar of an unknown god.
   952 | D:1      | Became a worshipper of Ignis, the Dying Flame
  1270 | D:2      | Reached skill level 4 in Axes
  1270 | D:2      | Reached XP level 4. HP: 34/34 MP: 4/4
  1516 | D:2      | Found a shimmering altar of Xom.
  1805 | D:3      | Found a bloodstained altar of Trog.
  1837 | D:3      | Found an iron altar of Okawaru.
  2391 | D:4      | Noticed an ogre
  2399 | D:4      | Killed an ogre
  2400 | D:4      | Reached XP level 5. HP: 39/40 MP: 5/5
  2401 | D:4      | Reached skill level 5 in Axes
  2401 | D:4      | Reached XP level 6. HP: 46/46 MP: 6/6
  2887 | D:4      | Reached XP level 7. HP: 52/52 MP: 7/7
  2950 | D:4      | Found a transporter.
  2952 | D:4      | Noticed whodunnit's ghost (amateur OpTm)
  2954 | D:4      | Found a transporter.
  3283 | D:5      | Entered Level 5 of the Dungeon
  3292 | D:5      | Reached skill level 6 in Axes
  3630 | D:5      | Identified the ring of Geavoon {Wiz rPois Str-5 Dex+5}
  3693 | D:5      | Reached XP level 8. HP: 60/60 MP: 8/8
  3787 | D:5      | Reached skill level 7 in Axes
  3791 | D:5      | HP: 1/55 [wight/+3 falchion (7)]
  3791 | D:5      | Slain by a wight

Illustrated notes

Levels and vault maps discovered:
D:1:      dpeg_arrival_arbitrary_a, layout_basic, basic_ecumenical_altar,
          serial_co_window_serial, co_window_paths_a, co_window_corner_a,
          co_window_paths_a, co_window_of_opportunity_a, co_window_paths_a,
          co_window_paths_b, co_window_paths_a, co_window_paths_a,
          co_window_corner_a, co_window_unsneaky_path_c, co_window_corner_cb,
          co_window_corner_b, co_window_unsneaky_path_d, co_window_2corner
D:2:      layout_loops_ring, basic_altar
D:3:      layout_basic, mainiacjoe_overflow_six_doors_small,
          mainiacjoe_overflow_alcove_4
D:4:      layout_loops_ring, gammafunk_ghost_mausoleum, roderic_roman_lattice
D:5:      layout_cave_pools, lemuel_mausoleum_altar_yredelemnul,
          cheibrodos_ashenzari_chains, minmay_fire_ice_demons

Skill      XL: |  1  2  3  4  5  6  7  8 |
---------------+-------------------------+-----
Axes           | 4 5 6 7 |  7.1
Dodging        | 4 |  4.9
Fighting       | 3 4 |  4.3
Throwing       | |  2.3

Action                     |  1- 3 |  4- 6 |  7- 9 || total
---------------------------+-------+-------+-------++-------
  Melee: War axe           |    91 |   146 |    94 ||   331
         Punch             |     3 |     1 |     1 ||     5
  Throw: Dart              |       |     5 |       ||     5
         Throwing net      |       |     2 |       ||     2
    Use: Potion            |     2 |       |     2 ||     4
         Scroll            |       |     7 |     3 ||    10
   Stab: Sleeping          |     1 |     1 |       ||     2
 Armour: Leather armour    |    39 |    59 |    34 ||   132
  Dodge: Dodged            |    41 |   110 |    90 ||   241

Table legend: (Time is in decaauts)
 A = Elapsed time spent in this place.
 B = Non-inter-level travel time spent in this place.
 C = Inter-level travel time spent in this place.
 D = Time resting spent in this place.
 E = Time spent auto-exploring this place.
 F = Levels seen in this place.
 G = Mean time per level.
                   A        B        C        D        E       F      G
               +--------+--------+--------+--------+--------+-----+--------+
         Total |   3874 |   3819 |     55 |    102 |   2498 |   5 |  774.8 |
       Dungeon |   3874 |   3819 |     55 |    102 |   2498 |   5 |  774.8 |
               +--------+--------+--------+--------+--------+-----+--------+

Top non-repeatable levels by time:
     D:1: 1081 daAuts
     D:4: 911 daAuts
     D:2: 707 daAuts
     D:3: 652 daAuts
     D:5: 522 daAuts
